 Dungeon Crawl Stone Soup version 0.19.1 (webtiles) character file.

225 CanadianGator the Insei (level 5, -1/39 HPs)
             Began as a Demonspawn Transmuter on Dec 8, 2016.
             Succumbed to a gnoll's poison
             ... on level 3 of the Dungeon.
             The game lasted 00:08:03 (2337 turns).

CanadianGator the Insei (Demonspawn Transmuter)     Turns: 2337, Time: 00:08:03

Health: -1/39      AC: 13    Str: 10    XL:     5   Next: 68%
Magic:  9/9        EV: 11    Int: 14    God:
Gold:   125        SH:  0    Dex: 15    Spells: 1 memorised, 8 levels left

rFire  + . .     SeeInvis .       - Unarmed
rCold  x . .     Gourm    .     l - +0 ring mail
rNeg   . . .     Faith    .     (no shield)
rPois  .         Spirit   .     (no helmet)
rElec  .         Reflect  .     q - +1 cloak
rCorr  .         Harm     .     (no gloves)
MR     .....                    (no boots)
Stlth  +.........               (no amulet)
                                (no ring)
                                k - ring of fire

@: lethally poisoned (-1 -> -26), sanguine armour
A: talons 1, powered by death 1, sanguine armour 1
a: no special abilities


You were on level 3 of the Dungeon.
You were not hungry.

You visited 1 branch of the dungeon, and saw 3 of its levels.

You collected 125 gold pieces.

Inventory:

Missiles
 a - 33 arrows
Armour
 b - a +0 robe
 l - a +0 ring mail (worn)
 q - a +1 cloak (worn)
Jewellery
 k - a ring of fire (left hand)
Scrolls
 e - a scroll of immolation {unknown}
 h - a scroll of fear
 i - a scroll of magic mapping
 j - 2 scrolls of recharging
 o - a scroll of amnesia {unknown}
Potions
 g - a potion of cure mutation
Books
 c - a book of Changes

   Spells                             Type                      Level
   a - Beastly Appendage              Transmutation                1
   b - Sticks to Snakes               Transmutation                2
   c - Spider Form                    Transmutation/Poison         3
   d - Ice Form                       Ice/Transmutation            4
   e - Blade Hands                    Transmutation                5
Comestibles
 d - a bread ration
 f - 2 meat rations
 m - 3 fruits


   Skills:
 + Level 2.4 Fighting
 + Level 1.6 Armour
 + Level 2.4 Dodging
 * Level 3.6 Unarmed Combat
 + Level 2.8 Spellcasting
 + Level 2.6 Transmutations


You had 8 spell levels left.
You knew the following spells:

 Your Spells              Type           Power        Failure   Level  Hunger
a - Beastly Appendage     Tmut           #.....       21%         1    #......


Dungeon Overview and Level Annotations

Branches:
Dungeon (3/15)

Altars:


Innate Abilities, Weirdness & Mutations

You have sharp toenails.
You regenerate a little health from kills.
When seriously injured, your bleeding wounds create armour. (AC +6)


Message History

* * * LOW HITPOINT WARNING * * *
You feel sick. The gnoll hits you with a spear.
* * * LOW HITPOINT WARNING * * *
The gnoll misses you. The gnoll closely misses you. x2
You hit the gnoll but do no damage. You claw the gnoll.
The gnoll is heavily wounded.
* * * LOW HITPOINT WARNING * * *
You feel sick. The gnoll closely misses you. The gnoll misses you.
Unknown command.
You hit the gnoll. You claw the gnoll, but do no damage.
The gnoll is almost dead.
* * * LOW HITPOINT WARNING * * *
You feel sick. The gnoll misses you. The gnoll hits you with a club.
* * * LOW HITPOINT WARNING * * *
The gnoll barely misses you. The gnoll closely misses you.
Your magical contamination has completely faded away.
Okay, then.
You hit the gnoll.
You kill the gnoll!
You die...

. ### .# #.>
.. # #.# .#.#
#.##.##K....
#..g)g..#
####@####
#..g....###
#.#.......##
#.#..##.....
#.#.........
#.#.##......
##.#.........
#............
#.#####.#....


You could see 3 gnolls and a kobold.

Vanquished Creatures
  Crazy Yiuf (D:2)
  An orc wizard (D:3)
  Natasha (twice) (D:2)
  A gnoll (D:3)
  3 adders
  3 oozes
  6 dart slugs
  2 leopard geckos
  4 orcs (D:3)
  3 bats (D:1)
  2 giant cockroaches (D:1)
  8 goblins (D:1)
  8 hobgoblins
  3 jackals (D:2)
  A frilled lizard (D:3)
  2 kobolds
  7 rats
57 creatures vanquished.

Notes
Turn   | Place    | Note
-------+----------+-------------------------------------------
     0 | D:1      | CanadianGator the Demonspawn Transmuter began the quest for the Orb.
     0 | D:1      | Reached XP level 1. HP: 15/15 MP: 3/3
   283 | D:1      | Gained mutation: You regenerate a little health from kills. [demonic ancestry]
   283 | D:1      | Reached XP level 2. HP: 15/21 MP: 3/5
   501 | D:1      | Gained mutation: When seriously injured, your bleeding wounds create armour. (AC +6) [demonic ancestry]
   501 | D:1      | Reached XP level 3. HP: 17/26 MP: 4/6
   504 | D:1      | Reached skill level 3 in Unarmed Combat
   603 | D:1      | Reached skill level 1 in Armour
  1085 | D:2      | Found a runed door.
  1263 | D:2      | Noticed Natasha
  1285 | D:2      | Killed Natasha
  1285 | D:2      | Reached XP level 4. HP: 9/33 MP: 7/7
  1827 | D:2      | Noticed Crazy Yiuf
  1827 | D:2      | Noticed Natasha
  1831 | D:2      | Killed Natasha
  1847 | D:2      | Killed Crazy Yiuf
  1847 | D:2      | Gained mutation: You have sharp toenails. [demonic ancestry]
  1847 | D:2      | Reached XP level 5. HP: 12/38 MP: 6/9
  2336 | D:3      | HP: 1/39 [gnoll/club (1)]
  2337 | D:3      | Succumbed to a gnoll's poison

Skill      XL: |  1  2  3  4 |
---------------+-------------+-----
Transmutations | 2 |  2.6
Unarmed Combat | 3 |  3.6
Armour         | 1 |  1.6
Dodging        | 2 |  2.4
Fighting       | 2 |  2.4
Spellcasting   | |  2.8

Action                   |  1- 3 |  4- 6 || total
-------------------------+-------+-------++-------
Melee: Unarmed           |   168 |    87 ||   255
       Kick              |    11 |    18 ||    29
       Headbutt          |     4 |     6 ||    10
       Punch             |       |     1 ||     1
 Cast: Beastly Appendage |    10 |     6 ||    16
  Use: Scroll            |     4 |     1 ||     5
       Potion            |       |     2 ||     2
  Eat: Chunk             |     1 |     4 ||     5
Armor: Robe              |    20 |       ||    20
       Ring mail         |    14 |    30 ||    44
Dodge: Dodged            |   104 |    54 ||   158
